 Dungeon Crawl Stone Soup version 0.20-a0-286-gae82e34 (webtiles) character file.

326 Junicave the Digger (level 6, 0/32 HPs)
             Began as a Gargoyle Earth Elementalist on Dec 14, 2016.
             Killed from afar by an orc wizard (6 damage)
             ... with a puff of frost
             ... on level 4 of the Dungeon.
             The game lasted 00:15:25 (7322 turns).

Junicave the Digger (Gargoyle Earth Elementalist)   Turns: 7322, Time: 00:15:25

Health: 0/32       AC:  7    Str: 11    XL:     6   Next: 49%
Magic:  2/13       EV: 12    Int: 18    God:
Gold:   139        SH:  0    Dex: 10    Spells: 10/14 levels left

rFire  . . .     SeeInvis .     n - +0 mace (curse)
rCold  . . .     Gourm    .     x - +0 robe
rNeg   + . .     Faith    .     (no shield)
rPois  ∞         Spirit   .     z - +0 helmet
rElec  +         Reflect  .     (no cloak)
rCorr  .         Harm     .     (no gloves)
MR     .....                    (no boots)
Stlth  ++........               (no amulet)
                                (no ring)
                                (no ring)

@: no status effects
A: negative energy resistance 1, electricity resistance, unbreathing,
petrification resistance, rot immunity, AC +4
a: no special abilities


You were on level 4 of the Dungeon.
You were not hungry.

You visited 1 branch of the dungeon, and saw 4 of its levels.

You collected 139 gold pieces.

Inventory:

Hand Weapons
 h - a +0 whip
 n - a cursed +0 mace (weapon)
 A - a +0 short sword
Missiles
 b - 109 stones (quivered)
Armour
 c - a +0 robe
 x - a +0 robe (worn)
 z - a +0 helmet (worn)
Jewellery
 D - an uncursed amulet of harm {unknown}
Wands
 s - a wand of paralysis (7/24)
 w - a wand of enslavement (12/24)
Scrolls
 f - 3 scrolls of remove curse {unknown}
 g - 2 scrolls of enchant weapon {unknown}
 j - 2 scrolls of blinking {unknown}
 m - a scroll of teleportation {unknown}
 o - a scroll of fear {unknown}
 p - 2 scrolls of noise {unknown}
 q - 3 scrolls of identify {unknown}
 y - a scroll of enchant armour {unknown}
Potions
 i - a potion of resistance {unknown}
 k - 2 potions of magic {unknown}
 l - a potion of invisibility {unknown}
 t - 2 potions of flight {unknown}
 u - a potion of curing {unknown}
 C - a potion of experience {unknown}
Books
 e - a book of Geomancy

   Spells                             Type                      Level
   a - Sandblast                      Earth                        1
   b - Passwall                       Transmutation/Earth          2
   c - Stone Arrow                    Conjuration/Earth            3
   d - Petrify                        Transmutation/Earth          4
   e - Lee's Rapid Deconstruction     Earth                        5
Comestibles
 a - 2 slices of pizza
 d - 3 fruits
 r - 3 bread rations
 v - 4 chunks of flesh
 B - a beef jerky


   Skills:
 - Level 1.5 Dodging
 - Level 2.1 Stealth
 * Level 4.7 Spellcasting
 + Level 2.5 Conjurations
   Level 0.7 Transmutations
 + Level 5.3 Earth Magic


You had 10 spell levels left.
You knew the following spells:

 Your Spells              Type           Power        Failure   Level  Hunger
a - Sandblast             Erth           ###...       1%          1    None
b - Stone Arrow           Conj/Erth      ###...       10%         3    ###....


Dungeon Overview and Level Annotations

Branches:
Dungeon (4/15)
 Temple: D:4-7

Altars:
The Shining One


Innate Abilities, Weirdness & Mutations

You are resistant to torment.
Your stone body is resilient. (AC +4)
You are immune to poison.
You resist negative energy. (rN+)
You are resistant to electric shocks. (rElec)
You can survive without breathing.
You are immune to petrification.
You are immune to rotting.


Message History

The orc hits you but does no damage.
Casting: Stone Arrow
Confirm with . or Enter, or press ? or * to list all spells.
Aiming: Stone Arrow
Press: ? - help, Shift-Dir - straight line, f - orc priest
Aim: an orc priest, wielding a flail and wearing a leather armour The stone arrow hits the orc priest.
The orc priest is severely wounded.
Casting: Stone Arrow
Confirm with . or Enter, or press ? or * to list all spells.
Aiming: Stone Arrow
Press: ? - help, Shift-Dir - straight line, f/p - orc priest
Aim: an orc priest, wielding a flail and wearing a leather armour (severely wounded)
The stone arrow hits the orc priest.
You kill the orc priest!
You hear some strange, mumbled words.
A puff of frost appears from out of thin air!
Deactivating autopickup; reactivate with Ctrl-A.
The puff of frost hits you!
You die...

*,* *,* *, *,* *, *,** *, *<,<
*, ,* * *, *,,, *,**,*
*,*,**,,, *****..#.######
*,*,**,,, ,,,,,#......@.#
*,,,,,,,, .........####.#
***,,***, #..).......##{# *,,*
* ..#..........##.# *,,*
.#...#........##o# *,,*
.....#........##.#**####**,,*
.#.#...........##o##.....,,,,*
.......#.......##........,,,,*
#.#.#....##...o..)...####*****


You could see 2 orcs.

Vanquished Creatures
  An orc wizard (D:4)
  A hound (D:4)
  An orc priest (D:4)
  Natasha (thrice) (D:2)
  2 worker ants
  3 adders (D:3)
  2 oozes
  A worm (D:3)
  2 dart slugs
  2 leopard geckos (D:3)
  6 orcs
  9 bats
  5 giant cockroaches
  13 goblins
  4 hobgoblins
  5 kobolds
  3 quokkas
  5 frilled lizards
  9 rats
77 creatures vanquished.

Notes
Turn   | Place    | Note
-------+----------+-------------------------------------------
     0 | D:1      | Junicave the Gargoyle Earth Elementalist began the quest for the Orb.
     0 | D:1      | Reached XP level 1. HP: 10/10 MP: 3/3
    58 | D:1      | Reached XP level 2. HP: 14/15 MP: 0/5
   293 | D:1      | Reached skill level 4 in Earth Magic
  1753 | D:1      | Paralysed by fainting for 10 turns
  1781 | D:1      | Paralysed by fainting for 10 turns
  1813 | D:1      | Paralysed by fainting for 5 turns
  2097 | D:1      | Reached XP level 3. HP: 17/19 MP: 2/7
  2591 | D:2      | Learned a level 3 spell: Stone Arrow
  3015 | D:2      | Noticed Natasha
  3023 | D:2      | Killed Natasha
  3023 | D:2      | Reached XP level 4. HP: 15/24 MP: 5/8
  3184 | D:2      | Noticed Natasha
  3194 | D:2      | Killed Natasha
  3194 | D:2      | Reached skill level 1 in Conjurations
  3364 | D:2      | Noticed Natasha
  3374 | D:2      | Killed Natasha
  3374 | D:2      | Reached XP level 5. HP: 15/28 MP: 2/10
  5566 | D:3      | Found a glowing golden altar of the Shining One.
  5813 | D:3      | Reached skill level 5 in Earth Magic
  6329 | D:3      | Found a glowing golden altar of the Shining One.
  6936 | D:3      | Found a glowing golden altar of the Shining One.
  7118 | D:4      | Reached XP level 6. HP: 19/32 MP: 0/12
  7322 | D:4      | Killed from afar by an orc wizard

Vault maps used:
D:1:      eino_arrival_water_star
D:2:      first_bread, uniq_natasha
D:3:      nicolae_overflow_hidden_temple
D:4:      serial_shops, shop, hangedman_decor_peaks_small, uniq_eustachio,
          uniq_blork_the_orc

Skill      XL: |  1  2  3  4  5 |
---------------+----------------+-----
Earth Magic    | 4 5 |  5.3
Spellcasting   | 3 4 |  4.7
Conjurations   | 1 2 |  2.5
Dodging        | |  1.5
Stealth        | |  2.1
Transmutations | |  0.7

Action                   |  1- 3 |  4- 6 || total
-------------------------+-------+-------++-------
Melee: Whip              |    58 |       ||    58
       Mace              |    17 |    85 ||   102
 Cast: Sandblast         |    30 |    81 ||   111
       Stone Arrow       |       |     5 ||     5
 Stab: Sleeping          |       |     6 ||     6
  Eat: Bread ration      |     1 |       ||     1
       Chunk             |     2 |    14 ||    16
Armor: Robe              |    35 |    59 ||    94
Dodge: Dodged            |    59 |    94 ||   153
